 Dungeon Sprint DCSS version 0.21-a0-216-g6d3fd91 (webtiles) character file.

443 potatolord6000 the Blocker (level 6, 0/62 HPs)
             Began as a Minotaur Fighter on Aug 23, 2017.
             Was an Initiate of Gozag.
             Slain by Sonja
             ... wielding a +1 dagger of distortion
              (7 damage)
             ... in the Dungeon (Sprint I: "Red Sonja").
             The game lasted 00:01:38 (266 turns).

potatolord6000 the Blocker (Minotaur Fighter)        Turns: 266, Time: 00:01:38

Health: 0/62       AC:  8    Str: 27    XL:     6   Next: 71%
Magic:  5/5        EV: 12    Int:  5    God:    Gozag
Gold:   308        SH: 12    Dex: 10    Spells: 5/5 levels left

rFire    . . .     SeeInvis .   a - +0 war axe
rCold    . . .     Gourm    .   c - +0 shield
rNeg     . . .     Faith    .   b - +0 scale mail
rPois    .         Spirit   .   (helmet restricted)
rElec    .         Reflect  .   (no cloak)
rCorr    .         Harm     .   (no gloves)
MR       .....     NoTele   +   (no boots)
Stlth    ..........             (no amulet)
HPRegen  0.20/turn              (no ring)
MPRegen  0.09/turn              (no ring)

@: mighty
A: retaliatory headbutt, horns 2
a: Potion Petition, Call Merchant, Bribe Branch, Renounce Religion


You were in the Dungeon.
You worshipped Gozag.
Gozag was aware of your devotion.
You were not hungry.

You visited 1 branch You collected 308 gold pieces.

Inventory:

Hand Weapons
 a - a +0 war axe (weapon)
Missiles
 d - 3 curare-tipped needles
Armour
 b - a +0 scale mail (worn)
 c - a +0 shield (worn)
Scrolls
 e - a scroll of remove curse {unknown}
 k - a scroll of blinking
Potions
 g - a potion of heal wounds
 i - 2 potions of magic
 j - a potion of berserk rage
Comestibles
 f - a bread ration
 h - a fruit
 l - 5 chunks of flesh


   Skills:
 + Level 8.5 Fighting
 + Level 8.1 Axes
 + Level 8.6 Armour
 + Level 7.0 Dodging
 + Level 8.6 Shields


You had 5 spell levels left.
You didn't know any spells.

Dungeon Overview and Level Annotations

Branches:
Dungeon (1/1)

Altars:
Cheibriados
Dithmenos
Elyvilon
Fedhas
Gozag
Hepliaklqana
Kikubaaqudgha
Nemelex Xobeh
Okawaru
Qazlal
Ru
Sif Muna
Trog
Uskayaw
Vehumet
Wu Jian
Yredelemnul
Zin
The Shining One

Shops:
D =

Annotations:
D Sonja


Innate Abilities, Weirdness & Mutations

You reflexively headbutt those who attack you in melee.
You have a pair of horns on your head.


Message History

d - 2 curare-tipped needles Sonja shoots a curare-tipped needle.
You block the curare-tipped needle.
You butcher the yak corpse.
Sonja mumbles some strange words.
Sonja blinks!
There is an open door, spattered with blood here.
Things that are here:
a curare-tipped needle; 5 chunks of flesh
l - 5 chunks of flesh Sonja gestures wildly while chanting.
Sonja blinks!
d - 3 curare-tipped needles (gained 1)
You close the door.
Sonja opens the door.
Sonja unwields an uncursed blowgun.
Sonja wields an uncursed dagger of distortion.
Its appearance distorts for a moment.
Sonja hits you but does no damage. Space warps horribly around you!
You die...
Your body crumbles into a pile of gold.

################
#<.#..').#..'..#
$$
#..[..#..').#..+
$$
#..#####+#####'#
#..####..#...#.#
$
#..#__####..##.#
$$
#..#_____##+#_.+
#⌠⌠#_.∩..@K..._#
$$
####_..__##_.#+#
$$#_____###'#.#
$ ####### #.###
$ $.$ $$ $$ $.$#
$ ##.## $#+#$ $
$ $ $


You could see Sonja.

Vanquished Creatures
  Sigmund (D)
  A yak (D)
  An ogre (D)
  A jelly (D)
  Ijyb (D)
5 creatures vanquished.

Notes
Turn   | Place    | Note
-------+----------+-------------------------------------------
     0 | D        | potatolord6000 the Minotaur Fighter began the quest for the Orb.
     0 | D        | Reached XP level 1. HP: 19/19 MP: 0/0
     2 | D        | Noticed Ijyb
     6 | D        | Killed Ijyb
     6 | D        | Reached XP level 2. HP: 27/28 MP: 1/1
    11 | D        | Noticed an ogre
    17 | D        | Killed an ogre
    17 | D        | Reached skill level 5 in Axes
    17 | D        | Reached XP level 3. HP: 22/37 MP: 2/2
    17 | D        | Reached XP level 4. HP: 26/44 MP: 3/3
    31 | D        | Noticed Sigmund
    38 | D        | Killed Sigmund
    38 | D        | Reached skill level 5 in Dodging
    38 | D        | Reached XP level 5. HP: 32/52 MP: 4/4
    53 | D        | Found an ornate altar of the Wu Jian Council.
    53 | D        | Found a deep blue altar of Sif Muna.
    55 | D        | Found a radiant altar of Vehumet.
    57 | D        | Reached XP level 6. HP: 35/61 MP: 5/5
    95 | D        | Found Silurhim's Jewellery Emporium.
    95 | D        | Found an ancient bone altar of Kikubaaqudgha.
    95 | D        | Found a hazy altar of Hepliaklqana.
    95 | D        | Found a stormy altar of Qazlal.
    95 | D        | Found a hide-covered altar of Uskayaw.
    95 | D        | Found a blossoming altar of Fedhas.
    95 | D        | Found a bloodstained altar of Trog.
    95 | D        | Found an iron altar of Okawaru.
    95 | D        | Found a basalt altar of Yredelemnul.
    95 | D        | Found a glowing golden altar of the Shining One.
    95 | D        | Found a snail-covered altar of Cheibriados.
    95 | D        | Found a sacrificial altar of Ru.
    95 | D        | Found a glowing silver altar of Zin.
    95 | D        | Found a shadowy altar of Dithmenos.
    95 | D        | Found a white marble altar of Elyvilon.
    95 | D        | Noticed a yak
    99 | D        | Killed a yak
   100 | D        | Found an opulent altar of Gozag.
   101 | D        | Found a sparkling altar of Nemelex Xobeh.
   106 | D        | Became a worshipper of Gozag Ym Sagoz the Greedy
   247 | D        | Noticed Sonja
   266 | D        | Slain by Sonja

Vault maps used:
D:        dungeon_sprint_1

Skill      XL: |  1  2  3  4  5  6 |
---------------+-------------------+-----
Fighting       | 4 6 7 8 |  8.5
Axes           | 3 5 7 8 |  8.1
Armour         | 4 6 7 8 |  8.6
Dodging        | 2 4 5 6 7 |  7.0
Shields        | 4 6 7 8 |  8.6

Action                   |  1- 3 |  4- 6 || total
-------------------------+-------+-------++-------
Melee: War axe           |     8 |    16 ||    24
       Headbutt          |       |     4 ||     4
  Use: Potion            |     1 |     2 ||     3
Armor: Scale mail        |       |     8 ||     8
Dodge: Dodged            |     1 |    12 ||    13
Block: Shield            |     1 |    17 ||    18

Table legend:
 A = Spawn XP
 B = Non-spawn XP
 C = Spawn XP percentage of total XP
 D = Spawn monster count
 E = Non-spawn monster count
 F = Spawn count percentage of total count
 G = Total turns spent on level
                    A         B        C        D         E        F      G
               +---------+---------+-------+---------+---------+-------+---------
         Total |       0 |     634 |   0.0 |       0 |       5 |   0.0 |   266
               +---------+---------+-------+---------+---------+-------+---------
             D |       0 |     634 |   0.0 |       0 |       5 |   0.0 |   266
               +---------+---------+-------+---------+---------+-------+---------
